 Dungeon Crawl Stone Soup version 0.22-a0-848-ge9e22a0 (webtiles) character file.

15786 Supahsalami the Tainter (level 12, -1/76 HPs)
             Began as a Gargoyle Venom Mage on July 23, 2018.
             Was a Believer of Ashenzari.
             Slain by a harpy (3 damage)
             ... summoned by Kirke
             ... on level 13 of the Dungeon on July 26, 2018.
             The game lasted 01:37:04 (19802 turns).

Supahsalami the Tainter (Gargoyle Venom Mage)      Turns: 19802, Time: 01:37:05

Health: -1/76      AC: 18    Str: 19    XL:     12   Next: 30%
Magic:  17/33      EV: 11    Int: 23    God:    Ashenzari [**....]
Gold:   684        SH:  0    Dex: 11    Spells: 13/27 levels left

rFire    . . .     SeeInvis .   r - +4 spear "Zefiw" {pierce, MP+9 Str+2 Int+3} (curse)
rCold    . . .     Gourm    .   (no shield)
rNeg     + . .     Faith    .   V - +0 troll leather armour
rPois    ∞         Spirit   .   n - +0 helmet
rElec    +         Reflect  .   Y - +2 cloak {MR+}
rCorr    .         Harm     .   (no gloves)
MR       +....                  (no boots)
Stlth    ++........             (no amulet)
HPRegen  0.62/turn              I - +2 ring of protection
MPRegen  0.23/turn              C - +5 ring of strength (curse)

@: no status effects
A: negative energy resistance 1, electricity resistance, unbreathing,
petrification resistance, rot immunity, AC +8
a: Curse Item, Scrying, Renounce Religion


You were on level 13 of the Dungeon.
You worshipped Ashenzari.
Ashenzari was pleased with you.
You were not hungry.

You visited 2 branches of the dungeon, and saw 14 of its levels.
You also visited: Sewer.

You collected 684 gold pieces.

Inventory:

Hand Weapons
 i - a +2 hand axe of flaming
 q - a +2 whip of draining
 r - the cursed +4 spear "Zefiw" (weapon) {pierce, MP+9 Str+2 Int+3}
   (You found it in a sewer)

   It inflicts extra damage upon your enemies.
   It affects your strength (+2).
   It affects your intelligence (+3).
   It affects your magic capacity (+9).
   It has a curse placed upon it.
 s - the +7 bardiche of Immorality {freeze, Int+4}
   (You found it in a sewer)

   It has been specially enchanted to freeze those struck by it, causing extra
   injury to most foes and up to half again as much damage against particularly
   susceptible opponents.
   It can also slow down cold-blooded creatures.
   It affects your intelligence (+4).
 N - the cursed +0 flail of Qureh {pain, rF+ rC++ Dex+3 SInv}
   (You found it on level 8 of the Dungeon)

   In the hands of one skilled in necromantic magic, it inflicts extra damage on
   living creatures.
   It affects your dexterity (+3).
   It protects you from fire.
   It greatly protects you from cold.
   It lets you see invisible.
   It has a curse placed upon it.
 Q - a +4 halberd of freezing
Missiles
 f - 406 stones (quivered)
Armour
 e - a +0 large shield
 n - a +0 helmet (worn)
 V - a +0 troll leather armour (worn)
 Y - a +2 cloak of magic resistance (worn)
Magical Staves
 l - an uncursed staff of cold
 J - an uncursed staff of summoning
 M - an uncursed staff of earth
Jewellery
 a - a +5 ring of dexterity
 z - an uncursed ring of resist corrosion
 C - a cursed +5 ring of strength (right hand)
 F - an uncursed ring of flight
 I - a +2 ring of protection (left hand)
 X - an uncursed ring of see invisible
Wands
 k - a wand of iceblast (5)
 v - a wand of digging (5)
 E - a wand of clouds (6)
 H - a wand of acid (14)
 T - a wand of disintegration (10)
 U - a wand of flame (13)
Scrolls
 h - 4 scrolls of teleportation
 j - a scroll of acquirement {unknown}
 p - 2 scrolls of blinking
 t - 2 scrolls of enchant weapon {unknown}
 x - 4 scrolls of remove curse
 y - 3 scrolls of fear {unknown}
 A - a scroll of enchant armour {unknown}
 B - 2 scrolls of amnesia {unknown}
 K - a scroll of noise {unknown}
 O - 2 scrolls of fog
 R - a scroll of random uselessness {unknown}
Potions
 b - 3 potions of curing
 d - 2 potions of brilliance
 g - 3 potions of lignification
 m - 3 potions of invisibility
 o - a potion of might {unknown}
 u - 3 potions of heal wounds
 w - a potion of cancellation {unknown}
 D - a potion of mutation {unknown}
 G - 2 potions of flight
 L - a potion of resistance {unknown}
 P - 2 potions of haste {unknown}
 W - a potion of ambrosia {unknown}
Comestibles
 c - 11 rations


   Skills:
 + Level 9.5 Fighting
 + Level 7.4(9.8) Polearms
 - Level 1.6 Dodging
 - Level 2.3 Stealth
 + Level 8.4 Spellcasting
 + Level 7.7 Conjurations
 - Level 3.0 Hexes
 + Level 10.8 Poison Magic


You had 13 spell levels left.
You knew the following spells:

 Your Spells              Type           Power        Failure   Level  Hunger
a - Sting                 Conj/Pois      ####         1%          1    None
b - Poisonous Vapours     Pois/Air       ####..       1%          2    None
c - Mephitic Cloud        Conj/Pois/Air  #####...     1%          3    None
d - Olgreb's Toxic Radia  Pois           ######..     1%          4    ##.....
e - Apportation           Tloc           #.....       8%          1    None
f - Confuse               Hex            ###.....     7%          3    None

Your spell library contained the following spells:

 Spells                   Type           Power        Failure   Level  Hunger
 Cause Fear               Hex            ###.......   22%         4    ##.....
 Bolt of Magma            Conj/Fire/Erth ###.......   58%         5    #####..
 Slow                     Hex            ###.....     3%          2    None
 Venom Bolt               Conj/Pois      ######....   4%          5    #####..
 Summon Small Mammal      Summ           #...         8%          1    None
 Animate Skeleton         Necr           N/A          8%          1    None
 Iron Shot                Conj/Erth      ####......   94%         6    ######.
 Spider Form              Tmut/Pois      ####......   2%          3    None
 Blade Hands              Tmut           #.........   91%         5    #####..
 Ice Form                 Ice/Tmut       #.......     61%         4    ##.....
 Confusing Touch          Hex            ###...       2%          1    None
 Sticks to Snakes         Tmut           #.......     12%         2    None
 Metabolic Englaciation   Hex/Ice        ###.......   75%         5    #####..
 Corona                   Hex            ###....      2%          1    None
 Portal Projectile        Hex/Tloc       ###...       13%         3    None
 Petrify                  Tmut/Erth      #.......     61%         4    ##.....
 Orb of Destruction       Conj           #####.....   95%         7    #######
 Leda's Liquefaction      Hex/Erth       ###.......   38%         4    ##.....
 Inner Flame              Hex/Fire       ###.....     13%         3    None
 Beastly Appendage        Tmut           #.....       8%          1    None
 Iskenderun's Battlesphe  Conj/Chrm      ####....     41%         5    #####..
 Spellforged Servitor     Conj/Summ      ####......   100%        7    #######
 Gell's Gravitas          Tloc           #.........   24%         3    None
 Yara's Violent Unravell  Hex/Tmut       ###.......   75%         5    #####..


Dungeon Overview and Level Annotations

Branches:
Dungeon (13/15)            Temple (1/1) D:5            Lair (0/6) D:10
    Orc (0/2) D:10
 Vaults: D:13-14

Altars:
Ashenzari
Cheibriados
Dithmenos
Elyvilon
Fedhas
Gozag
Hepliaklqana
Kikubaaqudgha
Makhleb
Nemelex Xobeh
Okawaru
Qazlal
Ru
Sif Muna
Trog
Uskayaw
Vehumet
Wu Jian
Xom
Yredelemnul
Zin
The Shining One

Annotations:
D:4 exclusion: hungry ghost
D:13 Kirke, Nessos


Innate Abilities, Weirdness & Mutations

You are resistant to torment.
Your stone body is resilient. (AC +8)
You are immune to poison.
You resist negative energy. (rN+)
You are resistant to electric shocks. (rElec)
You can survive without breathing.
You are immune to petrification.
You are immune to rotting.


Message History

* * * LOW HITPOINT WARNING * * *
The harpy barely misses you. The harpy claws you.
* * * LOW HITPOINT WARNING * * *
Okay, then.
Casting: Mephitic Cloud (safe; 1% risk of failure)
Confirm with . or Enter, or press ? or * to list all spells.
Aiming: Mephitic Cloud (safe; 1% risk of failure)
Press: ? - help, Shift-Dir - straight line, f - harpy
Aim: a harpy (moderately wounded, summoned)
The ball explodes into a vile cloud!
The stinking cloud engulfs the harpy.
The harpy appears unharmed.
The harpy is moderately wounded.
The stinking cloud engulfs the harpy.
The harpy appears unharmed.
The harpy is lightly wounded.
The stinking cloud engulfs you!
The stinking cloud engulfs the hog.
The hog is almost dead.
The harpy claws you!
* * * LOW HITPOINT WARNING * * *
The harpy claws you.
You die...

* * * ##....h.....#
*
*######...h.......#
, #....#.....###...#
, #....#.....# ...#
*#....#.....# *...#
,, #....#.....# ...#
#..§Hh.....# ..# ,,
#...H#.....#* , *
#..§@#...........# ,
, #....###.........#
, ,
#......#.........# ,
, #......+.........#
, +......#.........#
, ,
,#......#.........#
,
,,#.....##.........#
* * **
#+#.....#..÷.......#
#.......#..........#


You could see 2 harpies and 2 hogs.

Vanquished Creatures
  A storm dragon (D:12)
  Harold (D:9)
  4 two-headed ogres
  A death yak (D:11)
  A cyclops (D:12)
  2 ugly things
  A deep elf mage (D:13)
  A troll (D:11)
  2 hornets
  Prince Ribbit (D:7)
  3 hippogriffs
  2 slime creatures (D:13)
  A water elemental (D:12)
  2 wyverns
  A spriggan (D:7)
  11 yaks
  A hog (D:13)
  3 hungry ghosts (D:10)
  Edmund (D:5)
  A two-headed ogre zombie (D:10)
  A necrophage (D:7)
  4 ice beasts
  4 orc warriors
  A black bear (D:7)
  A sky beast (D:5)
  4 centaurs
  3 ogres
  3 phantoms
  A big kobold (D:11)
  5 bullfrogs
  6 scorpions
  A troll zombie (D:10)
  A killer bee (D:13)
  3 wights (D:8)
  An electric eel (D:12)
  3 crimson imps
  A howler monkey (D:9)
  A bullfrog zombie (D:12)
  3 centaur zombies
  2 jellies (D:7)
  5 hounds
  8 orc priests
  Crazy Yiuf (D:7)
  3 centaur skeletons
  4 bullfrog skeletons
  6 orc wizards
  Ijyb (D:3)
  Natasha (thrice) (D:2 D:8)
  2 iguanas
  8 worker ants
  6 ogre zombies (D:10)
  A howler monkey zombie (D:9)
  A worker ant zombie (D:8)
  10 gnolls
  15 adders
  2 shadow imps
  11 oozes
  3 adder skeletons
  2 worms
  2 dart slugs
  15 leopard geckos
  31 orcs
  10 bats
  22 giant cockroaches
  8 goblins
  5 hobgoblins
  18 jackals
  6 kobolds
  3 quokkas
  10 ball pythons
  22 frilled lizards
  A goblin skeleton (D:10)
  5 goblin zombies (D:10)
  A hobgoblin skeleton (D:10)
  2 hobgoblin zombies (D:10)
  4 orc skeletons (D:10)
  12 orc zombies (D:10)
  6 rats
365 creatures vanquished.

Notes
Turn   | Place    | Note
-------+----------+-------------------------------------------
     0 | D:1      | Supahsalami the Gargoyle Venom Mage began the quest for the Orb.
     0 | D:1      | Reached XP level 1. HP: 10/10 MP: 3/3
   161 | D:1      | Reached XP level 2. HP: 10/15 MP: 0/5
   337 | D:1      | Learned a level 2 spell: Poisonous Vapours
   881 | D:1      | Reached XP level 3. HP: 15/19 MP: 1/6
  1449 | D:2      | Found an ancient bone altar of Kikubaaqudgha.
  1617 | D:2      | Reached XP level 4. HP: 18/24 MP: 1/7
  1623 | D:2      | Noticed Natasha
  1701 | D:2      | Killed Natasha
  1701 | D:2      | Reached skill level 1 in Fighting
  1701 | D:2      | Reached skill level 4 in Poison Magic
  2364 | D:2      | Reached XP level 5. HP: 23/29 MP: 0/8
  2516 | D:2      | Noticed Natasha
  2529 | D:2      | Killed Natasha
  2600 | D:2      | Found an ancient bone altar of Kikubaaqudgha.
  3018 | D:2      | Found an ancient bone altar of Kikubaaqudgha.
  3347 | D:3      | Noticed Ijyb
  3369 | D:3      | Killed Ijyb
  3579 | D:3      | Found a shimmering altar of Xom.
  3580 | D:3      | Found a shimmering altar of Xom.
  4236 | D:4      | Found an opulent altar of Gozag.
  4240 | D:4      | Noticed a hungry ghost
  4267 | D:4      | Reached XP level 6. HP: 33/35 MP: 3/10
  4306 | D:4      | Found a glowing drain.
  4326 | Sewer    | Entered a sewer
  5295 | Sewer    | Reached skill level 5 in Poison Magic
  5772 | Sewer    | Reached XP level 7. HP: 29/40 MP: 1/11
  6071 | Sewer    | Got an encrusted spear
  6073 | Sewer    | Got a translucent bardiche
  6230 | D:4      | Identified the +4 spear "Zefiw" {pierce, MP+9 Str+2 Int+3} (You found it in a sewer)
  6231 | D:4      | Identified the +7 bardiche of Immorality {freeze, Int+4} (You found it in a sewer)
  6236 | D:4      | Learned a level 3 spell: Mephitic Cloud
  6241 | D:4      | Learned a level 4 spell: Olgreb's Toxic Radiance
  6244 | D:4      | Found a snail-covered altar of Cheibriados.
  6399 | D:4      | Found a shadowy altar of Dithmenos.
  6743 | D:4      | Reached skill level 5 in Conjurations
  6947 | D:4      | Reached skill level 1 in Polearms
  7203 | D:5      | Entered Level 5 of the Dungeon
  7203 | D:5      | Noticed Edmund
  7213 | D:5      | Killed Edmund
  7213 | D:5      | Reached skill level 6 in Poison Magic
  7213 | D:5      | Reached XP level 8. HP: 46/46 MP: 5/13
  7504 | D:5      | Upgraded the game from 0.22-a0-815-gb582571 to 0.22-a0-825-ga28c36f
  7675 | D:5      | Found a sacrificial altar of Ru.
  7917 | D:5      | Found a staircase to the Ecumenical Temple.
  7959 | Temple   | Entered the Ecumenical Temple
  8534 | Temple   | Upgraded the game from 0.22-a0-825-ga28c36f to 0.22-a0-848-ge9e22a0
  8545 | Temple   | Became a worshipper of Ashenzari the Shackled
  8904 | D:6      | Found a blossoming altar of Fedhas.
  8917 | D:6      | Learned a level 1 spell: Apportation
  9375 | D:6      | Learned a level 3 spell: Confuse
  9638 | D:7      | Reached XP level 9. HP: 49/52 MP: 15/15
  9644 | D:7      | Noticed Prince Ribbit
  9662 | D:7      | Reached skill level 1 in Hexes
  9810 | D:7      | Killed Prince Ribbit
  9810 | D:7      | Reached skill level 7 in Poison Magic
  9823 | D:7      | Reached skill level 5 in Fighting
 10093 | D:7      | Found a sparkling altar of Nemelex Xobeh.
 10096 | D:7      | Found a radiant altar of Vehumet.
 10321 | D:7      | Reached skill level 5 in Spellcasting
 10728 | D:7      | Found a snail-covered altar of Cheibriados.
 10829 | D:7      | Found a runed door.
 10833 | D:7      | Noticed Crazy Yiuf
 10838 | D:7      | Killed Crazy Yiuf
 11456 | D:8      | Reached * piety under Ashenzari
 11494 | D:8      | Reached skill level 8 in Poison Magic
 11614 | D:8      | Reached XP level 10. HP: 57/60 MP: 14/18
 12046 | D:8      | Noticed Natasha
 12105 | D:8      | Killed Natasha
 12260 | D:8      | Identified the cursed +0 flail of Qureh {pain, rF+ rC++ Dex+3 SInv}
 12736 | D:8      | Noticed a two-headed ogre
 12758 | D:8      | Killed a two-headed ogre
 12758 | D:8      | Reached skill level 9 in Poison Magic
 13749 | D:9      | Noticed a two-headed ogre
 13771 | D:9      | Killed a two-headed ogre
 13771 | D:9      | Reached skill level 5 in Polearms
 13885 | D:9      | Noticed Harold
 13904 | D:9      | Killed Harold
 14301 | D:9      | Reached skill level 10 in Poison Magic
 14301 | D:9      | Reached XP level 11. HP: 57/67 MP: 21/21
 14630 | D:9      | Found an iron altar of Okawaru.
 14863 | D:10     | Entered Level 10 of the Dungeon
 14878 | D:10     | Noticed a death yak
 14885 | D:10     | Noticed a death yak
 14885 | D:10     | Noticed a death yak
 14886 | D:10     | Noticed a death yak
 14888 | D:10     | Noticed a death yak
 14889 | D:10     | Noticed a death yak
 14892 | D:10     | Noticed a death yak
 14892 | D:10     | Noticed a death yak
 14893 | D:10     | Noticed a death yak
 14894 | D:10     | Noticed a death yak
 15079 | D:10     | Noticed a two-headed ogre
 15093 | D:10     | Killed a two-headed ogre
 15270 | D:10     | Found a staircase to the Orcish Mines.
 16079 | D:10     | Reached ** piety under Ashenzari
 16175 | D:10     | Found a staircase to the Lair.
 16884 | D:11     | Noticed a two-headed ogre
 16901 | D:11     | Killed a two-headed ogre
 17433 | D:11     | Killed a death yak
 17873 | D:12     | Noticed a storm dragon
 18142 | D:12     | Noticed a purple ugly thing
 18187 | D:12     | Killed a purple ugly thing
 18691 | D:12     | Found a shimmering altar of Xom.
 18818 | D:12     | Noticed a cyclops
 18852 | D:12     | Killed a cyclops
 18852 | D:12     | Reached XP level 12. HP: 70/76 MP: 10/24
 19316 | D:13     | Noticed Nessos
 19601 | D:12     | Killed a storm dragon
 19774 | D:13     | Noticed Kirke
 19802 | D:13     | HP: 2/76 [harpy[Kirke] (8)]
 19802 | D:13     | Slain by a harpy

Vault maps used:
D:1:      evilmike_arrival_crescent
D:2:      overflow_temple_1_default, uniq_natasha
D:3:      xom_redecorated, uniq_ijyb
D:4:      grunt_dithmenos_shadows, cheibriados_altar_1, first_ration,
          portal_sewer_entry_f, nicolae_gozag_cash_rules_everything_around_me
D:5:      temple_green, fountainhead, moated_statue, nicolae_ru_path_of_blood,
          uniq_edmund
D:6:      fedhas_altar_1
D:7:      minitemple, basic_altar, the_bakery, uniq_prince_ribbit1,
          uniq_crazy_yiuf_cottage
D:9:      okawaru_altar_gauntlet_db, palyth_stone_intersect,
          minmay_misc_feat_four_crosses, kennysheep_generic_room_2, uniq_harold
D:10:     dpeg_lair_monsters, zombieorc2_lemuel
D:12:     basic_altar, kennysheep_island_fort
D:13:     lightli_fourway_metalbox, uniq_frances, uniq_kirke, uniq_josephine,
          uniq_nessos
Temple:   eino_temple_water
Sewer:    sewer_frog_island_02

Skill      XL: |  1  2  3  4  5  6  7  8  9 10 11 |
---------------+----------------------------------+-----
Conjurations   | 2 3 4 5 6 7 |  7.7
Fighting       | 1 2 3 4 5 7 9 |  9.5
Poison Magic   | 4 5 6 8 10 | 10.8
Spellcasting   | 3 4 5 6 8 |  8.4
Polearms       | 1 2 4 5 7 |  7.4
Hexes          | 2 3 |  3.0
Dodging        | |  1.6
Stealth        | |  2.3

Action                   |  1- 3 |  4- 6 |  7- 9 | 10-12 || total
-------------------------+-------+-------+-------+-------++-------
Melee: Dagger            |    55 |   133 |    11 |       ||   199
       Spear             |       |       |   190 |   610 ||   800
Throw: Throwing net      |       |       |       |     1 ||     1
 Cast: Sting             |    43 |   170 |    93 |   190 ||   496
       Poisonous Vapours |    14 |    37 |    23 |    16 ||    90
       Mephitic Cloud    |       |       |    27 |   132 ||   159
       Olgreb's Toxic Ra |       |       |    15 |       ||    15
       Confuse           |       |       |       |     1 ||     1
Invok: Curse Item        |       |       |     1 |       ||     1
  Use: Scroll            |       |     9 |     2 |     2 ||    13
       Potion            |       |       |     1 |     2 ||     3
 Stab: Sleeping          |       |       |     3 |       ||     3
       Confused          |       |       |       |    33 ||    33
  Eat: Chunk             |     4 |    15 |    16 |    12 ||    47
       Ration            |       |       |     2 |     7 ||     9
Armor: Robe              |    21 |     5 |       |       ||    26
       Leather armour    |       |    67 |    70 |   122 ||   259
       Troll leather arm |       |       |       |    76 ||    76
Dodge: Dodged            |    31 |   102 |    98 |   220 ||   451

Table legend:
 A = Spawn XP
 B = Non-spawn XP
 C = Spawn XP percentage of total XP
 D = Spawn monster count
 E = Non-spawn monster count
 F = Spawn count percentage of total count
 G = Total turns spent on level
                    A         B        C        D         E        F      G
               +---------+---------+-------+---------+---------+-------+---------
         Total |       0 |   22552 |   0.0 |       0 |     365 |   0.0 | 19802
               +---------+---------+-------+---------+---------+-------+---------
           D:1 |       0 |      47 |   0.0 |       0 |      21 |   0.0 |  1241
           D:2 |       0 |     148 |   0.0 |       0 |      18 |   0.0 |  1838
           D:3 |       0 |     111 |   0.0 |       0 |      21 |   0.0 |  1096
           D:4 |       0 |     478 |   0.0 |       0 |      24 |   0.0 |  1199
           D:5 |       0 |     541 |   0.0 |       0 |      12 |   0.0 |   793
           D:6 |       0 |     416 |   0.0 |       0 |      17 |   0.0 |   995
           D:7 |       0 |    1833 |   0.0 |       0 |      38 |   0.0 |  2047
           D:8 |       0 |    2753 |   0.0 |       0 |      27 |   0.0 |  2006
           D:9 |       0 |    2958 |   0.0 |       0 |      24 |   0.0 |  1372
          D:10 |       0 |    2154 |   0.0 |       0 |      41 |   0.0 |  1431
          D:11 |       0 |    4012 |   0.0 |       0 |      23 |   0.0 |  1167
          D:12 |       0 |    4831 |   0.0 |       0 |      25 |   0.0 |  1760
          D:13 |       0 |    1870 |   0.0 |       0 |       7 |   0.0 |   390
         Sewer |       0 |     400 |   0.0 |       0 |      67 |   0.0 |  1870
               +---------+---------+-------+---------+---------+-------+---------
